 Dungeon Crawl Stone Soup version 0.31.0-32-g396128a36d (webtiles) character file.

Game seed: 8334608295452459871

20 AdnanSaban the Covered (level 2, 0/19 HPs)
             Began as a Gargoyle Fighter on Apr 15, 2024.
             Slain by Robin
             ... wielding a +2 mace of venom
              (2 damage)
             ... on level 1 of the Dungeon.
             The game lasted 00:00:48 (777 turns).

AdnanSaban the Covered (Gargoyle Fighter)            Turns: 777, Time: 00:00:49

Health: 0/19       AC: 12    Str: 19    XL:     2   Next: 79%
Magic:  2/2        EV:  7    Int:  8    God:
Gold:   73         SH:  4    Dex:  9    Spells: 1/1 levels left

rFire   . . .        a - +0 flail
rCold   . . .        c - +0 buckler
rNeg    + . .        m - +0 chain mail
rPois   ∞            (no helmet)
rElec   +            (no cloak)
rCorr   .            (no gloves)
SInv    .            (no boots)
Will    .....        (no amulet) Stlth
                     (no ring)
HPRegen 0.23/turn    (no ring)
MPRegen 0.08/turn

%: no passive effects
@: no status effects
A: sickness immunity, AC +2, negative energy resistance 1, electricity
resistance, torment resistance 1, petrification resistance
a: no special abilities


You were on level 1 of the Dungeon.
You visited 1 branch of the dungeon, and saw 2 of its levels.

You collected 73 gold pieces.

Inventory:

Hand Weapons
 a - a +0 flail (weapon)
Missiles
 e - 6 atropa-tipped darts (quivered)
Armour
 c - a +0 buckler (worn)
 m - a +0 chain mail (worn)
Scrolls
 i - a scroll of revelation {unknown}
 k - a scroll of teleportation {unknown}
Potions
 d - a potion of might
 f - a potion of ambrosia {unknown}
 g - a potion of enlightenment {unknown}
 j - a potion of heal wounds {unknown}
 l - a potion of brilliance {unknown}


   Skills:
 + Level 3.5 Fighting
 + Level 2.2 Maces & Flails
 + Level 3.7 Armour
 + Level 3.5 Shields


You had one spell level left.
You didn't know any spells.
Your spell library was empty.

Dungeon Overview and Level Annotations

Branches:
Dungeon (2/15)

Altars:

Annotations:
D:1 Robin


Innate Abilities, Weirdness & Mutations

You are immune to sickness and miasma.
Your stone body is resilient. (AC +2)
You are immune to poison.
You resist negative energy. (rN+)
You are resistant to electric shocks. (rElec)
You are resistant to unholy torment.
You are immune to petrification.


Message History

You are too injured to fight recklessly!
You are too injured to fight recklessly!
You are too injured to fight recklessly!
You are too injured to fight recklessly!
You are too injured to fight recklessly!
You are too injured to fight recklessly!
You are too injured to fight recklessly!
You are too injured to fight recklessly!
You are too injured to fight recklessly!
You are too injured to fight recklessly!
You are too injured to fight recklessly!
Unknown command.
The goblin hits you but does no damage. x2
The hobgoblin hits you but does no damage.
The goblin completely misses you. You block Robin's attack.
You climb upwards.
There is a stone staircase leading down here.
Unknown command.
You hit Robin.
Robin is heavily wounded.
The goblin hits you with a +0 club.
* * * LOW HITPOINT WARNING * * *
The goblin closely misses you.
Robin roars a battlecry!
The goblins go into a battle-frenzy!
You hit Robin but do no damage.
Robin is heavily wounded.
The goblin hits you but does no damage. x2; Robin hits you but does no damage.
The goblin barely misses you.
You barely miss Robin.
Robin is heavily wounded.
Robin hits you with a +2 mace of venom.
* * * LOW HITPOINT WARNING * * *
You block the goblin's attack. The goblin hits you but does no damage.
You hit Robin.
Robin is severely wounded.
You block the goblin's attack. The goblin hits you but does no damage.
Robin hits you with a +2 mace of venom.
You die...
Robin calls out, "Let's celebrate!
Time for a feast!"

#.#...###(..........# #.# #
#.##...####.....#######.###
#.###..)....###...........+
#.# #8_.....###.###########
#.###......................
#.##...####..............#.
#.#...##.##.############.#.
#....###.##g############.#.
#...## #.#@gg..............
#..## #.#g######...####.#.
#### #.#g# #...# #.#. #.#.#
#...# #.#.
#.#.######...####.#.
#.#...............#.
#.########...######.
#.....# #...##.....
#.....####...##.####


You could see Robin, a hobgoblin (strong) and 3 goblins.

Vanquished Creatures
  A dart slug (D:1)
  An endoplasm (D:1)
  2 giant cockroaches (D:1)
  5 goblins (D:1)
  A hobgoblin (D:2)
  2 quokkas (D:1)
  A ball python (D:1)
  2 kobolds (D:1)
15 creatures vanquished.

Notes
Turn   | Place    | Note
-------+----------+-------------------------------------------
     0 | D:1      | AdnanSaban the Gargoyle Fighter began the quest for the
                  | Orb.
     0 | D:1      | Reached XP level 1. HP: 14/14 MP: 1/1
   142 | D:1      | Reached XP level 2. HP: 19/19 MP: 2/2
   375 | D:1      | Found a faded altar of an unknown god.
   766 | D:2      | Noticed Robin
   777 | D:1      | Slain by Robin

Illustrated notes

Levels and vault maps discovered:
D:1:      dpeg_arrival_arbitrary_a, layout_basic,
          hellmonk_ecumenical_altar_crossroads
D:2:      layout_loops_corners, uniq_robin, uniq_terence

Action                     || total
---------------------------++-------
  Melee: Flail             ||    57
 Armour: Scale mail        ||    23
         Chain mail        ||    57
  Dodge: Dodged            ||    32
  Block: Buckler           ||    20
